 Dungeon Crawl Stone Soup version 0.26.1-11-gd32895ea62 (webtiles) character file.

Game seed: 7117173694866074702

115442 phalm the Thaumaturge (level 16, 0/125 HPs)
             Began as a Mummy Conjurer on June 18, 2021.
             Was an Initiate of Gozag.
             Slain by an eleionoma (15 damage)
             ... on level 1 of the Swamp.
             The game lasted 01:49:54 (44709 turns).

phalm the Thaumaturge (Mummy Conjurer)             Turns: 44709, Time: 01:49:55

Health: 0/125      AC: 13    Str:  8    XL:     16   Next: 18%
Magic:  4/52       EV: 11    Int: 34    God:    Gozag
Gold:   4967       SH: 10    Dex: 15    Spells: 20/41 levels left

rFire    + + .     SeeInvis +   a - +7 spear of Tiffygir {protect, rF+ SInv}
rCold    + + +     Faith    .   l - +0 buckler
rNeg     + + +     Spirit   .   b - +1 ring mail of Recklessness {rC+ Int+5}
rPois    ∞         Reflect  +   O - +3 hat of Pondering {ponderous, Will+ MP+10 Int+5}
rElec    .         Harm     .   r - scarf {repulsion}
rCorr    .         Rampage  .   R - +0 pair of gloves
Will     +++..                  j - +0 pair of boots
Stlth    +.........             C - amulet of reflection
HPRegen  0.30/turn              f - ring of protection from fire
MPRegen  0.33/turn              T - ring "Podif" {rF+ rC+ MP+9 Str-3 Dex+5}

@: repel missiles, slow
A: no potions, fire vulnerability, cold resistance 1, negative energy resistance
3, torment resistance, unbreathing, in touch with death 1
a: Renounce Religion, Potion Petition, Call Merchant, Bribe Branch


You were on level 1 of the Swamp.
You worshipped Gozag.
Gozag was most pleased with you.
You visited 5 branches of the dungeon, and saw 26 of its levels.
You visited 1 bazaar.
You also visited: Sewer.

You collected 10283 gold pieces.
You spent 2365 gold pieces at shops.
You paid 2951 gold pieces to Gozag.


Innate Abilities, Weirdness & Mutations

You do not drink.
Your flesh is vulnerable to fire.
You are immune to poison.
Your flesh is cold resistant. (rC+)
You are immune to negative energy. (rN+++)
You are immune to unholy pain and torment.
You can survive without breathing.
You are in touch with the powers of death.


   Skills:
 + Level 11.1 Fighting
 - Level 8.1 Armour
 + Level 2.5 Dodging
 - Level 1.5 Stealth
 - Level 4.0 Shields
 + Level 13.1 Spellcasting
 + Level 11.6 Conjurations
 - Level 7.0 Hexes
 - Level 8.0 Translocations
 * Level 5.3 Fire Magic
 * Level 5.9 Ice Magic
 - Level 9.0 Air Magic
 - Level 2.0 Evocations


You had 20 spell levels left.
You knew the following spells:

 Your Spells              Type           Power        Failure   Level
a - Airstrike             Air            35%          1%          4
f - Fulminant Prism       Conj/Hex       36%          1%          4
l - Lightning Bolt        Conj/Air       37%          1%          5
m - Magic Dart            Conj           100%         1%          1
n - Apportation           Tloc           100%         1%          1
s - Searing Ray           Conj           100%         1%          2
X - Iskenderun's Mystic   Conj/Tloc      73%          1%          4

Your spell library contained the following spells:

 Spells                   Type           Power        Failure   Level
 Shock                    Conj/Air       100%         1%          1
 Swiftness                Air            70%          1%          2
 Confusing Touch          Hex            63%          1%          3
 Dazzling Flash           Conj/Hex       100%         1%          3
 Gell's Gravitas          Tloc           33%          1%          3
 Lesser Beckoning         Tloc           33%          1%          3
 Static Discharge         Conj/Air       75%          1%          3
 Tukima's Dance           Hex            63%          1%          3
 Animate Skeleton         Necr           66%          4%          1
 Pain                     Necr           100%         4%          1
 Metabolic Englaciation   Hex/Ice        30%          10%         5
 Vampiric Draining        Necr           16%          14%         3
 Yara's Violent Unravell  Hex/Tmut       23%          32%         5
 Invisibility             Hex            63%          38%         6
 Animate Dead             Necr           16%          43%         4
 Petrify                  Tmut/Erth      22%          43%         4
 Agony                    Necr           33%          80%         5
 Alistair's Intoxication  Tmut/Pois      14%          80%         5
 Chain Lightning          Conj/Air       37%          99%         8
 Haunt                    Necr/Summ      16%          100%        7
 Ignition                 Fire           27%          100%        8
 Infestation              Necr           16%          100%        8
 Lehudib's Crystal Spear  Conj/Erth      29%          100%        8
 Absolute Zero            Ice            29%          100%        9
 Fire Storm               Conj/Fire      34%          100%        9
 Shatter                  Erth           11%          100%        9
 Tornado                  Air            35%          100%        9
 Borgnjor's Revivificati  Necr           Unusable     N/A         8
 Necromutation            Tmut/Necr      Unusable     N/A         8
 Death's Door             Necr           Unusable     N/A         9

Inventory:

Hand Weapons
 a - the +7 spear of Tiffygir (weapon) {protect, rF+ SInv}
   (You found it on level 10 of the Dungeon)

   It grants its wielder temporary protection when it strikes (+7 to AC).
   It protects you from fire.
   It lets you see invisible.
 o - the +5 broad axe of Yfesku {vorpal, rF- rC+ Stlth+}
   (You found it on level 1 of the Swamp)

   It inflicts extra damage upon your enemies.
   It makes you vulnerable to fire.
   It protects you from cold.
   It makes you more stealthy.
Missiles
 e - an atropa-tipped dart
 k - 11 curare-tipped darts {=f}
 n - 63 poisoned darts
 t - 4 throwing nets {=f!f}
 S - 6 boomerangs of dispersal {=f!f}
Armour
 b - the +1 ring mail of Recklessness (worn) {rC+ Int+5}
   (You bought it in a shop on level 2 of the Lair of Beasts)

   It affects your intelligence (+5).
   It protects you from cold.
 j - a +0 pair of boots (worn)
   (You found it on level 2 of the Dungeon)
 l - a +0 buckler (worn)
   (You found it on level 6 of the Lair of Beasts)
 r - a scarf of repulsion (worn)
   (You found it on level 4 of the Dungeon)
 O - the +3 hat of Pondering (worn) {ponderous, Will+ MP+10 Int+5}
   (You bought it in a shop on level 10 of the Dungeon)

   It affects your intelligence (+5).
   It affects your willpower, your defense against some magical effects.
   It affects your magic capacity (+10).
 R - a +0 pair of gloves (worn)
   (You found it on level 9 of the Dungeon)
Jewellery
 f - a ring of protection from fire (left hand)
   (You found it on level 5 of the Lair of Beasts)
 C - an amulet of reflection (around neck)
   (You found it on level 5 of the Dungeon)
 F - an uncursed ring of fire
   (You found it on level 1 of the Lair of Beasts)
 T - the ring "Podif" (right hand) {rF+ rC+ MP+9 Str-3 Dex+5}
   (You bought it in a shop on level 13 of the Dungeon)

   [ring of magical power]

   It affects your strength (-3).
   It affects your dexterity (+5).
   It protects you from fire.
   It protects you from cold.
   It affects your magic capacity (+9).
Wands
 i - a wand of digging (28)
   (You found it on level 3 of the Lair of Beasts)
 s - a wand of iceblast (13)
   (You took it off Joseph on level 8 of the Dungeon)
 y - a wand of disintegration (2)
   (You took it off Maurice on level 2 of the Orcish Mines)
 E - a wand of polymorph (29)
   (You took it off Maggie on level 6 of the Dungeon)
 U - a wand of paralysis (4)
   (You found it on level 13 of the Dungeon)
 W - a wand of enslavement (24)
   (You found it on level 13 of the Dungeon)
Scrolls
 c - 14 scrolls of remove curse {@r2}
 d - 9 scrolls of teleportation {@r4}
 g - 5 scrolls of enchant armour
 h - 5 scrolls of fog
 q - 5 scrolls of enchant weapon
 z - 5 scrolls of fear
 A - 3 scrolls of immolation {!r!r}
 B - 3 scrolls of magic mapping {!r}
 G - a scroll of holy word {!r}
 H - a scroll of noise {!r}
 I - 3 scrolls of blinking {!r}
 J - 8 scrolls of amnesia
 K - a scroll of brand weapon
 M - 2 scrolls of vulnerability {!r!r}
 P - 10 scrolls of identify {@r1}
 Q - a scroll of summoning
Miscellaneous
 m - a phantom mirror (inert)
   (You found it on level 6 of the Lair of Beasts)
 X - a tin of tremorstones (2/2)
   (You found it on level 13 of the Dungeon)

Dungeon Overview and Level Annotations

Branches:
Dungeon (15/15)            Temple (1/1) D:5            Lair (6/6) D:9
  Swamp (2/4) Lair:2        Snake (0/4) Lair:4        Slime (0/5) Lair:5
    Orc (2/2) D:10            Elf (0/3) Orc:2        Vaults (0/5) D:14
 Depths (0/5) D:15          Sewer (visited)

Altars:
Ashenzari
Cheibriados
Dithmenos
Elyvilon
Fedhas
Gozag
Hepliaklqana
Kikubaaqudgha
Makhleb
Nemelex Xobeh
Okawaru
Qazlal
Ru
Sif Muna
Trog
Uskayaw
Vehumet
Wu Jian
Xom
Yredelemnul
Zin
The Shining One
Beogh
Lugonu

Shops:
D:10 ??[   D:11 *   D:13 =   Orc:1 *   Orc:2 ((?(   Lair:2 [

Portals:
Abyss: Lair:4

♣♣♣♣♣ ♣♣.≈.≈≈≈.
♣♣♣♣♣♣≈♣.♣♣♣♣♣.≈♣.≈≈≈.
♣♣.≈..≈≈..≈.....≈♣≈≈≈≈. ♣♣♣♣
♣♣≈§≈§≈≈≈§≈§♣≈≈≈...≈.♣.≈
♣≈.♣♣♣..§§≈≈§≈≈♣≈≈≈♣>.♣....♣≈
♣♣..§..≈≈♣≈≈.§≈......♣♣♣...♣♣
♣♣..≈≈≈≈...≈.♣≈≈♣♣≈≈.♣♣♣.≈..♣
♣...≈≈≈§≈≈♣≈≈≈≈≈≈♣≈≈≈≈♣♣♣≈≈.♣
♣♣..≈♣≈♣≈≈≈.@≈≈....≈..♣♣♣.≈.♣
♣♣♣♣.≈♣♣≈≈≈≈§R.≈(.≈..≈...♣♣≈≈..
♣.♣....≈......R.....≈≈≈≈.♣♣♣≈♣.
♣♣.♣.≈.≈≈♣♣.........≈§...♣ ♣.♣♣
♣...≈...≈.....≈≈≈...≈≈≈.♣ ♣..♣
♣♣≈≈.≈...≈....♣.≈≈♣♣≈≈≈≈♣ ♣♣..
♣♣♣♣....≈♣♣♣♣♣.≈≈≈≈≈≈≈.♣ ♣.≈
♣♣♣♣♣♣..♣♣♣♣ ♣♣.≈≈♣≈≈≈.♣ ♣♣§≈
♣♣..........♣♣♣♣♣≈≈.♣≈≈.♣ ♣..≈


You could see an eleionoma and a friendly eleionoma (summoned, drained).


Message History

You lost 4 mp, and now have 20/52 mp.
Casting: Iskenderun's Mystic Blast (mildly dangerous; 1% risk of failure)
Confirm with . or Enter, or press ? or * to list all spells.
You erupt in a blast of force!
The mystic blast hits the tyrant leech!!
The tyrant leech is knocked back by the mystic blast.
The mystic blast hits the hornet!
You kill the hornet!
Roots burst forth from the earth!
The grasping roots grab you!
* * * LOW HITPOINT WARNING * * *
The grasping roots constrict you. 😨 HP[-4] MP[-3]
You take 4 damage, and now have 45/125 hp.
You lost 3 mp, and now have 17/52 mp.
Casting: Iskenderun's Mystic Blast (mildly dangerous; 1% risk of failure)
Confirm with . or Enter, or press ? or * to list all spells.
You erupt in a blast of force!
The mystic blast hits the hornet.
The hornet is knocked back by the mystic blast.
The mystic blast hits the hornet!
The hornet is knocked back by the mystic blast.
The eleionoma melds with the trees. 😨 MP[-4]
You lost 4 mp, and now have 13/52 mp.
Casting: Iskenderun's Mystic Blast (mildly dangerous; 1% risk of failure)
Confirm with . or Enter, or press ? or * to list all spells.
You erupt in a blast of force!
The mystic blast hits the tyrant leech but does no damage.
The mystic blast hits the eleionoma!
The eleionoma is knocked back by the mystic blast.
The eleionoma slams into the tree!
The grasping roots constrict you.
The eleionoma closely misses you. 😨 MP[-4]
You lost 4 mp, and now have 9/52 mp.
Casting: Iskenderun's Mystic Blast (mildly dangerous; 1% risk of failure)
Confirm with . or Enter, or press ? or * to list all spells.
You erupt in a blast of force!
The mystic blast hits the shambling mangrove.
The shambling mangrove is knocked back by the mystic blast.
The mystic blast hits the eleionoma!!
The eleionoma is knocked back by the mystic blast.
The eleionoma slams into the tree!
The mystic blast hits the tyrant leech!!
The tyrant leech is knocked back by the mystic blast.
The hornet becomes distracted by the nearby gold, dreaming of imaginary riches.
* * * LOW HITPOINT WARNING * * *
The grasping roots constrict you. 😨 HP[-3] MP[-3]
You take 3 damage, and now have 42/125 hp.
You lost 3 mp, and now have 6/52 mp.
You escape the roots' grasp.
The eleionoma touches a tree and draws upon its vitality.
The eleionoma is healed.
You climb upwards.
There is a stone staircase leading down here.
Press: ? - help, v - describe, . - travel
Here: an eleionoma Some shallow water.
Aiming: Paralyse
Press: ? - help, Shift-Dir - straight line, f - eleionoma
Aim: an eleionoma (chance to affect: 2%)
Okay, then.
Aiming: Enslavement
Press: ? - help, Shift-Dir - straight line, f - eleionoma
Aim: an eleionoma (chance to affect: 2%)
Okay, then.
Unknown command.
Aiming: Phantom Mirror
Press: ? - help, Dir - move target, f - eleionoma
Aim: an eleionoma You reflect the eleionoma with the mirror!
The mirror clouds!
The eleionoma completely misses you.
Your eleionoma hits the eleionoma! 😨 HP[+1] MP[+1]
Casting: Iskenderun's Mystic Blast (mildly dangerous; 1% risk of failure)
Confirm with . or Enter, or press ? or * to list all spells.
Aiming: Searing Ray (safe; 1% risk of failure)
Press: ? - help, Shift-Dir - straight line, f/p - eleionoma
Aim: an eleionoma (lightly wounded, 17% to evade)
The searing ray hits the eleionoma! (Press . to maintain the ray.)
The eleionoma hits you.
* * * LOW HITPOINT WARNING * * *
Your eleionoma hits the eleionoma! 😨 HP[-2] MP[-2]
You take 2 damage, and now have 41/125 hp.
You lost 2 mp, and now have 5/52 mp.
The searing ray hits the eleionoma.
The eleionoma hurls a spray of splinters at you.
The spray of wooden splinters hits you!!
* * * LOW HITPOINT WARNING * * *
Your eleionoma hurls a spray of splinters at the eleionoma.
The spray of wooden splinters hits the eleionoma!! 😱 HP[-27] MP[-1]
You take 27 damage, and now have 14/125 hp.
MASSIVE DAMAGE!! (PAUSE)
You lost 1 mp, and now have 4/52 mp.
The searing ray hits the eleionoma!
The eleionoma hits you!
You die...
Your body crumbles into a pile of gold.

Skill      XL: |  1  2  3  4  5  6  7  8  9 10 11 12 13 14 15 16 |
---------------+-------------------------------------------------+-----
Spellcasting   | 3 4 5 7 8 9 10 11 12 13 | 13.1
Fighting       | 1 2 3 4 5 6 7 8 9 10 11 | 11.1
Conjurations   | 4 5 6 8 9 10 11 | 11.6
Hexes          | 1 2 3 4 5 6 7 |  7.0
Translocations | 1 2 3 4 5 6 8 |  8.0
Armour         | 3 5 7 8 |  8.1
Air Magic      | 3 5 7 9 |  9.0
Shields        | 1 4 |  4.0
Ice Magic      | 2 5 |  5.9
Fire Magic     | 1 4 5 |  5.3
Evocations     | 2 |  2.0
Dodging        | 2 |  2.5
Stealth        | |  1.5

Action                   |  1- 3 |  4- 6 |  7- 9 | 10-12 | 13-15 | 16-18 || total
-------------------------+-------+-------+-------+-------+-------+-------++-------
Melee: Unarmed           |     1 |       |       |       |       |       ||     1
       Dagger            |    19 |       |       |       |       |       ||    19
       Short sword       |     5 |     4 |    24 |       |       |       ||    33
       Staff             |       |       |    23 |    22 |       |       ||    45
       Spear             |       |       |       |    22 |    83 |       ||   105
Throw: Stone             |       |       |    16 |       |       |       ||    16
       Throwing net      |       |       |     2 |       |       |       ||     2
       Dart              |       |       |     1 |       |     8 |       ||     9
       Boomerang         |       |       |       |       |     4 |       ||     4
 Cast: Magic Dart        |   110 |    46 |   187 |   304 |   557 |    31 ||  1235
       Searing Ray       |     1 |    19 |    48 |   139 |   347 |    28 ||   582
       Iskenderun's Myst |       |       |       |    14 |   113 |    19 ||   146
       Fulminant Prism   |       |       |       |    17 |    98 |     6 ||   121
       Airstrike         |       |       |       |       |    11 |     4 ||    15
       Lightning Bolt    |       |       |       |       |     1 |     4 ||     5
Invok: Potion Petition   |       |       |       |       |     3 |       ||     3
       Call Merchant     |       |       |       |       |     1 |     1 ||     2
Evoke: Wand              |       |       |     6 |     1 |    11 |     2 ||    20
       Phantom mirror    |       |       |       |       |     1 |     1 ||     2
  Use: Scroll            |     5 |     3 |     4 |     3 |     6 |     2 ||    23
 Stab: Distracted        |       |       |       |       |     2 |       ||     2
Armor: Robe              |     6 |       |       |       |       |       ||     6
       Leather armour    |       |     2 |       |       |       |       ||     2
       Ring mail         |       |     5 |    49 |   190 |   273 |    12 ||   529
Dodge: Dodged            |    26 |    11 |    54 |   179 |   285 |    18 ||   573
       Repelled          |       |       |     2 |     1 |    10 |     3 ||    16
Block: Other             |       |       |    35 |    86 |    41 |       ||   162
       Reflection        |       |       |     3 |     3 |    42 |     3 ||    51
       Buckler           |       |       |       |       |   217 |    22 ||   239

Levels and vault maps discovered:
D:1:      kennysheep_arrival_seaside, layout_loops_ring, kennysheep_flooded_box,
          hangedman_decor_growths
D:2:      layout_basic
D:3:      layout_basic, yredelemnul_forgotten_temple_becter
D:4:      cheibrodos_thug_alley, layout_cave_pools, portal_sewer_entry_b,
          serial_bayou_lagoon_b
D:5:      layout_basic, minmay_temple_entry_mist, corexii_checkpoint_b
D:6:      minmay_angry_zag, layout_rooms, slow_altar_1, uniq_menkaure,
          uniq_maggie, uniq_sigmund, uniq_pikel, uniq_blork_the_orc,
          uniq_duvessa
D:7:      layout_basic, kennysheep_mini_moat, basic_altar
D:8:      layout_layer_cave, nemelex_xobeh_ov_fountains_minmay, uniq_psyche,
          uniq_joseph
D:9:      layout_irregular_city, minitemple, due_lair_maze_entry_diamond
D:10:     layout_loops_ring, minmay_orc_entry_guard_dogs, serial_shops,
          nicolae_shop_temple_entry_statues_fountains, shop, shop
D:11:     layout_roguey, serial_shops, nicolae_shop_overgrown_old_shop,
          minmay_misc_feat_enclosed, uniq_harold
D:12:     layout_gridville, uniq_jorgrun
D:13:     layout_loops_corners, uniq_frances
D:14:     layout_long_grid, ximxim_vaults_locker_room,
          ebering_ghost_disaster_area, nicolae_tso_swordbearing_angel,
          uniq_louise
D:15:     grunt_enter_depths_hoard, layout_cave_pools, minivault_11,
          lemuel_blue_sif_altar
Temple:   minmay_temple_bridge_d
Lair:1:   layout_roguey, grunt_megastairs_4, lemuel_fruit_tree,
          lemuel_fruit_fields, minmay_lair_oklob_chamber
Lair:2:   layout_gridlike, minmay_swamp_entry_swarm, minmay_lair_oklob_items,
          infiniplex_staircase_pool
Lair:3:   layout_chaotic_city
Lair:4:   layout_regular_city, guppyfry_snake_entry_garden,
          amcnicky_altar_lugonu_corruption, grunt_megastairs_2
Lair:5:   layout_regular_city, minmay_slime_entry_pillars,
          grunt_forest_stairs_clearing, grunt_megastairs_3, serial_bayou_shore_a
Lair:6:   evilmike_catoblepas_cave, layout_hall_layers, serial_bayou_shore_b
Swamp:1:  layout_falls_marsh, nicolae_swamp_orc_logging_accident, swamp_pool3,
          hangedman_swamp_wriggling
Swamp:2:  layout_basic_swamp, hangedman_swamp_ruin_wall
Orc:1:    cheibrodos_orc_arena, layout_caves, serial_shops, shop_fountains,
          lightli_orcish_oven, uniq_snorg
Orc:2:    st_orc_mages, layout_diamond_mine, serial_shops, statue_bzr,
          lemuel_statue_altar, uniq_maurice, uniq_sonja, uniq_azrael

Notes
Turn   | Place    | Note
-------+----------+-------------------------------------------
     0 | D:1      | phalm the Mummy Conjurer began the quest for the Orb.
     0 | D:1      | Reached XP level 1. HP: 13/13 MP: 4/4
     0 | D:1      | magus.rc [v1.9.10]
   263 | D:1      | Reached XP level 2. HP: 20/20 MP: 2/5
   274 | D:1      | Reached skill level 3 in Spellcasting
   384 | D:1      | Learned a level 2 spell: Searing Ray
   636 | D:1      | Reached skill level 1 in Fighting
  1130 | D:1      | Found a radiant altar of Vehumet.
  1399 | D:2      | Reached XP level 3. HP: 20/26 MP: 3/7
  2780 | D:3      | Reached skill level 4 in Conjurations
  2990 | D:3      | Found a basalt altar of Yredelemnul.
  3372 | D:4      | Noticed a scorpion
  3420 | D:4      | Noticed a big kobold
  3447 | D:4      | Reached XP level 4. HP: 29/32 MP: 5/9
  3461 | D:4      | Reached skill level 2 in Fighting
  3486 | D:4      | Learned a level 4 spell: Fulminant Prism
  3552 | D:4      | Reached XP level 5. HP: 38/38 MP: 4/10
  3618 | D:4      | Got a smelly ring mail
  3694 | D:4      | Noticed a phantom
  3708 | D:4      | Killed a phantom
  3709 | D:4      | Reached skill level 4 in Spellcasting
  3709 | D:4      | Reached skill level 1 in Hexes
  3709 | D:4      | Reached skill level 1 in Translocations
  3709 | D:4      | Reached XP level 6. HP: 32/45 MP: 0/12
  3740 | D:4      | Found a glowing drain.
  3761 | D:4      | Learned a level 4 spell: Iskenderun's Mystic Blast
  3771 | D:4      | Identified the +5 ring mail of Hairiness {Dex+3} (You found
                  | it on level 4 of the Dungeon)
  3895 | Sewer    | Entered a sewer
  3920 | Sewer    | Noticed Purgy
  3928 | Sewer    | Killed Purgy
  4365 | D:4      | Reached skill level 2 in Hexes
  4365 | D:4      | Reached skill level 2 in Translocations
  4568 | D:5      | Entered Level 5 of the Dungeon
  4724 | D:5      | Found a staircase to the Ecumenical Temple.
  4750 | D:5      | Reached skill level 5 in Conjurations
  4750 | D:5      | Reached XP level 7. HP: 45/51 MP: 5/13
  4762 | Temple   | Entered the Ecumenical Temple
  5080 | Temple   | Became a worshipper of Gozag Ym Sagoz the Greedy
  5553 | D:5      | Reached skill level 3 in Fighting
  5906 | D:5      | Reached skill level 3 in Hexes
  6206 | D:5      | Reached skill level 3 in Translocations
  6303 | D:6      | Reached skill level 5 in Spellcasting
  6303 | D:6      | Reached XP level 8. HP: 58/58 MP: 6/15
  6463 | D:6      | Noticed Blork the orc
  6552 | D:6      | Noticed Maggie
  6597 | D:6      | Killed Blork the orc
  6666 | D:6      | Killed Maggie
  6906 | D:6      | Noticed Pikel
  6920 | D:6      | Killed Pikel
  6921 | D:6      | Reached skill level 4 in Fighting
  6921 | D:6      | Reached skill level 6 in Conjurations
  6921 | D:6      | Reached skill level 4 in Hexes
  6921 | D:6      | Reached skill level 4 in Translocations
  7155 | D:6      | Reached XP level 9. HP: 65/65 MP: 11/17
  7234 | D:6      | Found a snail-covered altar of Cheibriados.
  7244 | D:6      | Noticed Duvessa
  7268 | D:6      | Killed Duvessa
  7272 | D:6      | Noticed Sigmund
  7296 | D:6      | Noticed Dowan
  7315 | D:6      | Killed Dowan
  7316 | D:6      | Reached skill level 6 in Spellcasting
  7417 | D:6      | Killed Sigmund
  7418 | D:6      | Reached skill level 7 in Conjurations
  7475 | D:6      | Noticed Menkaure
  7482 | D:6      | Killed Menkaure
  8031 | D:7      | Identified a +1 robe of the Archmagi
  8112 | D:7      | Found an ornate altar of the Wu Jian Council.
  8118 | D:7      | You pick up a book of Air and begin reading...
  8118 | D:7      | You add the spells Shock, Swiftness, Static Discharge,
                  | Airstrike and Lightning Bolt to your library.
  8604 | D:7      | Found a hazy altar of Hepliaklqana.
  8809 | D:7      | Reached skill level 5 in Translocations
  9104 | D:8      | Noticed a two-headed ogre
  9105 | D:8      | Noticed Joseph
  9230 | D:8      | Reached skill level 5 in Fighting
  9375 | D:8      | Noticed Psyche
  9383 | D:8      | Killed Psyche
  9593 | D:8      | Reached skill level 7 in Spellcasting
  9648 | D:8      | Noticed a two-headed ogre
  9667 | D:8      | Killed a two-headed ogre
  9668 | D:8      | Reached skill level 8 in Conjurations
  9668 | D:8      | Reached skill level 5 in Hexes
  9668 | D:8      | Reached XP level 10. HP: 53/74 MP: 9/20
  9773 | D:8      | Killed Joseph
 10166 | D:8      | Killed a two-headed ogre
 10167 | D:8      | Reached skill level 6 in Translocations
 10363 | D:8      | Found a sparkling altar of Nemelex Xobeh.
 10554 | D:8      | a +0 double sword {rare}; a +0 robe
 10926 | D:8      | a +0 double sword {rare}; a +0 robe
 11008 | D:8      | a +0 double sword {rare}; a +0 robe
 11259 | D:8      | Reached skill level 6 in Fighting
 11422 | D:9      | Reached skill level 8 in Spellcasting
 11585 | D:9      | Found a staircase to the Lair.
 11907 | D:9      | Noticed a two-headed ogre
 11921 | D:9      | Reached XP level 11. HP: 61/81 MP: 8/23
 11945 | D:8      | Reached skill level 7 in Translocations
 12203 | D:9      | Reached skill level 9 in Conjurations
 12203 | D:9      | Reached skill level 6 in Hexes
 12914 | D:9      | Found the +27 Lear's hauberk
 12999 | D:9      | Learned a level 4 spell: Airstrike
 13286 | D:9      | Found a shadowy altar of Dithmenos.
 13286 | D:9      | Found a shimmering blue altar of Sif Muna.
 13628 | D:9      | Killed a two-headed ogre
 13629 | D:9      | Reached skill level 1 in Armour
 13629 | D:9      | Reached skill level 1 in Air Magic
 13944 | D:10     | Entered Level 10 of the Dungeon
 14262 | D:10     | Noticed a two-headed ogre
 14269 | D:10     | Killed a two-headed ogre
 14277 | D:10     | Reached skill level 2 in Air Magic
 14421 | D:10     | Reached skill level 2 in Armour
 15004 | D:10     | Found Eluq's Magic Scroll Shop.
 15018 | D:10     | Got a jewelled spear
 15019 | D:10     | Identified the +7 spear of Tiffygir {protect, rF+ SInv}
                  | (You found it on level 10 of the Dungeon)
 15098 | D:10     | Found Pier's Armour Emporium.
 15103 | D:10     | Bought the +3 hat of Pondering {ponderous, Will+ MP+10
                  | Int+5} for 457 gold pieces
 15103 | D:10     | Found the +3 hat of Pondering {ponderous, Will+ MP+10
                  | Int+5}
 15209 | D:10     | Found Laxtinim's Magic Scroll Shoppe.
 15255 | D:10     | Found a staircase to the Orcish Mines.
 15606 | Lair:1   | Entered Level 1 of the Lair of Beasts
 15679 | Lair:1   | Noticed an eight-headed hydra
 15685 | Lair:1   | Killed an eight-headed hydra
 15686 | Lair:1   | Reached skill level 7 in Fighting
 15689 | Lair:1   | You pick up a book of Misfortune and begin reading...
 15689 | Lair:1   | You add the spells Confusing Touch, Gell's Gravitas,
                  | Petrify, Metabolic Englaciation and Yara's Violent
                  | Unravelling to your library.
 15944 | Lair:1   | Reached skill level 9 in Spellcasting
 16074 | Lair:1   | Reached skill level 3 in Armour
 16074 | Lair:1   | Reached skill level 3 in Air Magic
 16081 | Lair:1   | Reached skill level 8 in Translocations
 16081 | Lair:1   | Reached XP level 12. HP: 75/91 MP: 8/25
 17344 | Lair:2   | Noticed a six-headed hydra
 17348 | Lair:2   | Reached skill level 4 in Armour
 17348 | Lair:2   | Reached skill level 4 in Air Magic
 17354 | Lair:2   | Killed a six-headed hydra
 17355 | Lair:2   | Reached skill level 7 in Hexes
 17525 | Lair:2   | Found a staircase to the Swamp.
 18107 | Lair:2   | Reached skill level 5 in Armour
 18109 | Lair:2   | Reached skill level 5 in Air Magic
 18116 | Lair:2   | Reached skill level 8 in Fighting
 18660 | Lair:2   | Reached skill level 10 in Spellcasting
 19122 | Lair:3   | You fall into a shaft and drop 2 floors!
 19292 | Lair:5   | Reached skill level 10 in Conjurations
 19297 | Lair:5   | Gained mutation: You are in touch with the powers of death.
                  | [Mummy growth]
 19297 | Lair:5   | Reached XP level 13. HP: 42/98 MP: 8/27
 19345 | Lair:5   | HP: 18/98 [elephant (7)]
 20005 | Lair:3   | Reached skill level 6 in Armour
 20021 | Lair:3   | Reached skill level 6 in Air Magic
 21352 | Lair:4   | HP: 23/99 [boulder beetle (9)]
 21800 | Lair:4   | Learned a level 5 spell: Lightning Bolt
 21815 | Lair:4   | Found a one-way gate to the infinite horrors of the Abyss.
 21818 | Lair:4   | Found a corrupted altar of Lugonu.
 22273 | Lair:4   | Found a staircase to the Snake Pit.
 22950 | Lair:5   | Reached skill level 7 in Armour
 23267 | Lair:5   | Reached skill level 7 in Air Magic
 23593 | Lair:5   | Found a staircase to the Slime Pits.
 23988 | Lair:5   | Reached skill level 9 in Fighting
 24378 | Lair:6   | Entered Level 6 of the Lair of Beasts
 24398 | Lair:6   | Reached skill level 11 in Spellcasting
 24672 | Lair:6   | You pick up a book of Annihilations and begin reading...
 24672 | Lair:6   | You add the spells Chain Lightning, Lehudib's Crystal
                  | Spear, Absolute Zero and Fire Storm to your library.
 24843 | Lair:6   | Reached skill level 1 in Shields
 25490 | Lair:6   | Reached XP level 14. HP: 107/108 MP: 22/29
 25505 | Lair:6   | Reached skill level 2 in Shields
 25854 | Lair:6   | Reached skill level 8 in Air Magic
 26088 | Lair:6   | magus.rc [v1.9.10]
 26121 | Lair:6   | HP: 23/108 [catoblepas (13)]
 26545 | Lair:6   | Reached skill level 3 in Shields
 27627 | Orc:1    | Entered Level 1 of the Orcish Mines
 28103 | Orc:1    | Noticed an orc warlord
 28350 | Orc:1    | Killed an orc warlord
 28593 | Orc:2    | Entered Level 2 of the Orcish Mines
 28779 | Orc:2    | Noticed Sonja
 28784 | Orc:2    | Killed Sonja
 28785 | Orc:2    | Reached skill level 4 in Shields
 28994 | Orc:2    | Found a staircase to the Elven Halls.
 29061 | Orc:2    | Reached skill level 1 in Ice Magic
 29152 | Orc:1    | Noticed an orc warlord
 29152 | Orc:1    | Noticed Snorg
 29260 | Orc:1    | Found Feptodd's General Store.
 29625 | Orc:2    | Found a gateway to a bazaar.
 29631 | Bazaar   | Entered a bazaar
 29702 | Bazaar   | Found Baanar's Antique Armour Shop.
 29733 | Bazaar   | Found Ijeugikh's Jewellery Shop.
 29754 | Bazaar   | Bought a runed helmet for 157 gold pieces
 29754 | Bazaar   | Bought a crude robe for 119 gold pieces
 29774 | Bazaar   | Identified the +2 robe "Inix" {-Cast Dex+8 Slay+2} (You
                  | bought it in a shop in a bazaar)
 30014 | Orc:2    | Noticed Maurice
 30125 | Orc:1    | HP: 27/109 [Snorg (8)]
 30127 | Orc:1    | Killed Snorg
 30775 | Orc:2    | HP: 25/109 [red devil/+2 trident of distortion[an orc high
                  | priest] (3)]
 31103 | Orc:2    | Reached skill level 10 in Fighting
 31153 | Orc:2    | Killed Maurice
 31154 | Orc:2    | Reached skill level 12 in Spellcasting
 31154 | Orc:2    | Reached skill level 11 in Conjurations
 31198 | Orc:2    | Reached skill level 9 in Air Magic
 31450 | Orc:1    | Killed an orc warlord
 31451 | Orc:1    | Reached skill level 2 in Ice Magic
 31842 | Orc:2    | Found a roughly hewn altar of Beogh.
 31906 | Orc:2    | Noticed Azrael
 31920 | Orc:2    | Killed Azrael
 32325 | D:11     | Reached skill level 1 in Fire Magic
 32498 | D:11     | Found Vary's Assorted Antiques.
 32507 | D:11     | Bought a paperback book for 585 gold pieces
 32507 | D:11     | You add the spells Haunt and Infestation to your library.
 32843 | D:11     | Noticed Harold
 32870 | D:11     | Killed Harold
 33258 | D:12     | Noticed Jorgrun
 33268 | D:12     | Reached XP level 15. HP: 97/115 MP: 20/31
 33735 | D:12     | magus.rc [v1.9.10]
 33871 | D:12     | You pick up a book of Party Tricks and begin reading...
 33871 | D:12     | You add the spells Apportation, Lesser Beckoning, Tukima's
                  | Dance, Alistair's Intoxication and Invisibility to your
                  | library.
 34061 | D:12     | HP: 10/115 [Jorgrun/iron shot (31)]
 34062 | D:12     | Killed Jorgrun
 34241 | D:12     | Reached skill level 3 in Ice Magic
 34921 | D:12     | Reached skill level 2 in Fire Magic
 35622 | Orc:2    | Found Limarad's Magic Scroll Shoppe.
 35622 | Orc:2    | Found Zaush's Weapon Emporium.
 35623 | Orc:2    | Found Wipulun's Weapon Emporium.
 35627 | Orc:2    | Found Seax's Antique Weapon Shoppe.
 35832 | Orc:2    | Learned a level 1 spell: Apportation
 35984 | D:13     | Bought the ring "Podif" {rF+ rC+ MP+9 Str-3 Dex+5} for 768
                  | gold pieces
 36337 | D:13     | Noticed Frances
 36357 | D:13     | Killed Frances
 36546 | D:13     | HP: 24/117 [shock serpent (shapeshifter)/bolt of
                  | electricity (16)]
 37420 | D:13     | Reached skill level 1 in Evocations
 38197 | D:14     | Reached skill level 3 in Fire Magic
 38291 | D:14     | Reached skill level 4 in Ice Magic
 38559 | D:14     | Noticed Louise
 38580 | D:13     | Killed Louise
 39052 | D:14     | Found a large runed translucent door.
 39052 | D:14     | Found a large runed translucent door.
 39056 | D:14     | Noticed Laowois's ghost (journeyman MiBe)
 39172 | D:14     | Reached skill level 8 in Armour
 39592 | D:14     | HP: 29/117 [death knight/+0 halberd (2)]
 39607 | D:14     | Reached skill level 2 in Evocations
 40006 | D:14     | Identified the cursed +0 plate armour of Luof {-Cast rElec
                  | rN+} (You found it on level 14 of the Dungeon)
 40009 | D:14     | Found a gate to the Vaults.
 40086 | D:14     | Reached skill level 4 in Fire Magic
 40116 | D:14     | Found a glowing golden altar of the Shining One.
 40268 | D:14     | You pick up a book of Necromancy and begin reading...
 40268 | D:14     | You add the spells Pain, Animate Skeleton, Vampiric
                  | Draining, Animate Dead and Agony to your library.
 40561 | D:14     | Killed Laowois's ghost
 40707 | D:15     | Entered Level 15 of the Dungeon
 41224 | D:15     | Reached skill level 5 in Ice Magic
 41674 | D:15     | Reached skill level 13 in Spellcasting
 41989 | D:15     | Reached skill level 2 in Dodging
 42178 | D:15     | Found a staircase to the Depths.
 42367 | D:15     | Found a shimmering blue altar of Sif Muna.
 42613 | Swamp:1  | Entered Level 1 of the Swamp
 42626 | Swamp:1  | Reached skill level 11 in Fighting
 42936 | Lair:2   | Reached XP level 16. HP: 83/125 MP: 33/33
 42944 | Lair:2   | Bought an ichor-stained ring mail for 279 gold pieces
 42954 | Lair:2   | Identified the +1 ring mail of Recklessness {rC+ Int+5}
                  | (You bought it in a shop on level 2 of the Lair of Beasts)
 43323 | Swamp:1  | Reached skill level 5 in Fire Magic
 43409 | Swamp:1  | HP: 22/125 [acid (12)]
 44500 | Swamp:1  | You pick up a book of the Tempests and begin reading...
 44500 | Swamp:1  | You add the spells Ignition, Tornado and Shatter to your
                  | library.
 44508 | Swamp:1  | Got a shimmering broad axe
 44526 | Swamp:1  | Identified the +5 broad axe of Yfesku {vorpal, rF- rC+
                  | Stlth+} (You found it on level 1 of the Swamp)
 44708 | Swamp:1  | HP: 14/125 [eleionoma/spray of wooden splinters (27)]
 44709 | Swamp:1  | Slain by an eleionoma

Vanquished Creatures
  Jorgrun (D:12)
  Frances (D:13)
  2 orc warlords (Orc:1)
  Louise (D:13)
  The ghost of Laowois the Severer, a journeyman MiBe of Trog (D:14)
  Azrael (Orc:2)
  2 bunyips (Swamp:1)
  Snorg (Orc:1)
  2 ice dragons (D:15)
  Harold (D:11)
  A ghost crab (Swamp:1)
  2 boulder beetles
  A vault guard (D:14)
  11 hydras
  4 catoblepae
  4 centaur warriors
  A death knight (D:14)
  5 two-headed ogres
  4 orc high priests (Orc:2)
  6 death yaks (Lair:6)
  2 tengu warriors
  A shock serpent (shapeshifter) (D:13)
  4 skeletal warriors (D:14)
  Sonja (Orc:2)
  2 unseen horrors (D:14)
  2 goliath frogs (Swamp:1)
  Pikel (D:6)
  3 bog bodies (Swamp:1)
  An orange crystal statue (Orc:2)
  3 orc knights
  7 ugly things
  A wolf spider (D:15)
  4 orc sorcerers
  A deep elf mage (D:12)
  3 oklob plants
  3 manticores
  A will-o-the-wisp (Swamp:1)
  2 cyclopes
  9 elephants
  Maurice (Orc:2)
  3 black mambas
  A centaur zombie (D:15)
  Joseph (D:8)
  Psyche (D:8)
  20 cane toads
  Maggie (D:6)
  9 komodo dragons
  2 freezing wraiths (D:14)
  A rime drake (Lair:2)
  3 meliai (D:15)
  5 polar bears
  A bloated husk (Swamp:2)
  5 trolls
  A hornet (Swamp:2)
  4 tyrant leeches
  4 slime creatures
  16 blink frogs
  4 dream sheep (Lair:6)
  Sigmund (D:6)
  A meliai zombie (D:13)
  A shadow (D:14)
  A spriggan (Lair:5)
  3 wraiths
  88 yaks
  6 wyverns
  2 basilisks
  9 humans (D:14)
  2 fire elementals (Orc:2)
  7 vampire mosquitoes (Lair:2)
  Menkaure (D:6)
  9 swamp worms
  An acid dragon (D:12)
  4 wargs
  Duvessa (D:6)
  2 hell hounds (Orc:2)
  13 water moccasins
  37 orc warriors
  Purgy (Sewer)
  2 ice beasts
  A sky beast (D:13)
  6 black bears
  5 phantoms
  2 necrophages
  3 wolves (Lair:5)
  10 ogres
  14 centaurs
  A lemure (D:6)
  7 big kobolds
  17 bullfrogs
  Blork the orc (D:6)
  A wyvern zombie (D:14)
  Dowan (D:6)
  2 water moccasin skeletons
  8 jellies
  5 scorpions
  15 killer bees
  19 wights
  3 howler monkeys
  An electric eel (Lair:5)
  3 bullfrog zombies
  3 quasits
  4 hounds
  A bullfrog skeleton (D:9)
  28 orc priests
  3 centaur skeletons
  13 worker ants
  4 iguanas
  38 orc wizards
  A killer bee zombie (D:6)
  4 worker ant zombies
  11 adders
  A river rat (D:4)
  3 shadow imps
  A white imp (D:8)
  3 ufetubi
  An ooze (D:7)
  2 adder skeletons
  4 worms
  7 leopard geckos
  104 orcs
  5 ball pythons
  6 giant cockroaches
  10 goblins
  9 hobgoblins
  12 jackals
  40 kobolds
  7 quokkas
  4 bats
  11 frilled lizards
  6 rats
  A spectral orc (D:3)
  A lurking horror (Lair:4)
851 creatures vanquished.

Vanquished Creatures (others)
  A vault guard (D:14)
  A manticore (D:11)
  A human (D:14)
  An orc (Orc:1)
  A kobold (D:14)
  A bush (Lair:1)
  2 foxfires (Swamp:1)
  121 fulminant prisms
  94 fungi
  A lurking horror (Lair:4)
  106 plants
330 creatures vanquished.

Grand Total: 1181 creatures vanquished

Table legend:
 A = Non-vault XP
 B = Vault XP
 C = Vault XP percentage of total XP
 D = Non-vault monster count
 E = Vault monster count
 F = Vault count percentage of total count
                 A         B        C        D         E       F
            +---------+---------+-------+---------+---------+-------
      Total |  113170 |   51748 |  31.4 |     656 |     194 |  22.8
            +---------+---------+-------+---------+---------+-------
        D:1 |      38 |       0 |   0.0 |      21 |       0 |   0.0
        D:2 |      32 |       0 |   0.0 |      14 |       0 |   0.0
        D:3 |      23 |       1 |   4.2 |      13 |       1 |   7.1
        D:4 |     282 |     129 |  31.4 |      14 |      14 |  50.0
        D:5 |     711 |       5 |   0.7 |      22 |       2 |   8.3
        D:6 |     466 |    1967 |  80.8 |      12 |      14 |  53.8
        D:7 |     691 |       0 |   0.0 |      20 |       0 |   0.0
        D:8 |    3891 |    2044 |  34.4 |      40 |       8 |  16.7
        D:9 |    4043 |     626 |  13.4 |      42 |       5 |  10.6
       D:10 |    2706 |     492 |  15.4 |      27 |       3 |  10.0
       D:11 |    2623 |    1034 |  28.3 |      22 |       1 |   4.3
       D:12 |    4794 |    3150 |  39.7 |      30 |       1 |   3.2
       D:13 |    7965 |    3947 |  33.1 |      47 |       2 |   4.1
       D:14 |   11182 |    3869 |  25.7 |      38 |      11 |  22.4
       D:15 |   10772 |    2055 |  16.0 |      29 |       2 |   6.5
     Lair:1 |    5592 |    2076 |  27.1 |      19 |       3 |  13.6
     Lair:2 |    8265 |    1772 |  17.7 |      29 |       8 |  21.6
     Lair:3 |    4232 |       0 |   0.0 |      17 |       0 |   0.0
     Lair:4 |    7382 |       0 |   0.0 |      17 |       0 |   0.0
     Lair:5 |    8309 |    1890 |  18.5 |      26 |      13 |  33.3
     Lair:6 |    9514 |   11626 |  55.0 |      36 |      23 |  39.0
    Swamp:1 |    8770 |    1520 |  14.8 |      14 |       7 |  33.3
    Swamp:2 |    1933 |       0 |   0.0 |       5 |       0 |   0.0
      Orc:1 |    5248 |    3811 |  42.1 |      47 |      19 |  28.8
      Orc:2 |    3706 |    9593 |  72.1 |      55 |      50 |  47.6
      Sewer |       0 |     141 | 100.0 |       0 |       7 | 100.0
            +---------+---------+-------+---------+---------+-------

Illustrated notes

Table legend:
 A = Kills in this place as a percentage of kills in entire the game.
 B = Kills by you in this place as a percentage of kills by you in the entire game.
 C = Kills by friends in this place as a percentage of kills by friends in the entire game.
 D = Other kills in this place as a percentage of other kills in the entire game.
 E = Experience gained in this place as a percentage of experience gained in the entire game.
 F = Experience gained in this place divided by the number of levels of this place that you have seen.
                   A       B       C       D       E      F
               +-------+-------+-------+-------+-------+----------------------
         Total | 100.0 | 100.0 |   N/A | 100.0 | 100.0 | 5889.9
       Dungeon |  53.5 |  53.5 |   N/A | 100.0 |  42.2 | 4635.9
          Lair |  22.5 |  22.5 |   N/A |   0.0 |  36.8 | 10109.7
         Swamp |   3.1 |   3.1 |   N/A |   0.0 |   7.4 | 6111.5
  Orcish Mines |  20.1 |  20.1 |   N/A |   0.0 |  13.6 | 11179.0
         Sewer |   0.8 |   0.8 |   N/A |   0.0 |   0.1 | 141.0
               +-------+-------+-------+-------+-------+----------------------

Table legend: (Time is in decaauts)
 A = Elapsed time spent in this place.
 B = Non-inter-level travel time spent in this place.
 C = Inter-level travel time spent in this place.
 D = Time resting spent in this place.
 E = Time spent auto-exploring this place.
 F = Levels seen in this place.
 G = Mean time per level.
                   A        B        C        D        E       F      G
               +--------+--------+--------+--------+--------+-----+--------+
         Total |  46030 |  44084 |   1946 |   1166 |  35700 |  28 | 1643.9 |
       Dungeon |  25568 |  24464 |   1104 |    430 |  20184 |  15 | 1704.5 |
        Temple |    391 |    241 |    150 |      0 |    240 |   1 |  391.0 |
          Lair |  13510 |  13006 |    504 |    234 |  11164 |   6 | 2251.7 |
         Swamp |   1101 |   1085 |     16 |      0 |    860 |   2 |  550.5 |
  Orcish Mines |   4954 |   4785 |    169 |    501 |   2910 |   2 | 2477.0 |
        Bazaar |    205 |    205 |      0 |      0 |    108 |   1 |  205.0 |
         Sewer |    299 |    299 |      0 |      0 |    232 |   1 |  299.0 |
               +--------+--------+--------+--------+--------+-----+--------+

Top non-repeatable levels by time:
  Lair:2: 2946 daAuts
     D:8: 2945 daAuts
  Lair:5: 2921 daAuts
    D:13: 2792 daAuts
   Orc:2: 2757 daAuts
  Lair:6: 2750 daAuts
     D:9: 2423 daAuts
   Orc:1: 2196 daAuts
    D:14: 2175 daAuts
    D:12: 1992 daAuts
  Lair:4: 1774 daAuts
    D:15: 1763 daAuts
    D:10: 1711 daAuts
     D:5: 1706 daAuts
  Lair:1: 1674 daAuts
